 Dungeon Crawl Stone Soup version 0.30-a0-722-g3e6e8c874d (webtiles) character file.

Game seed: 12689171102126337813

271 Newt the Shooter (level 6, 0/44 HPs)
             Began as a Demonspawn Gladiator on Jan 27, 2023.
             Slain by a black bear (4 damage)
             ... on level 4 of the Dungeon.
             The game lasted 00:03:42 (2476 turns).

Newt the Shooter (Demonspawn Gladiator)             Turns: 2476, Time: 00:03:42

Health: 0/44       AC:  5    Str: 16    XL:     6   Next: 2%
Magic:  15/15      EV: 12    Int: 10    God:
Gold:   189        SH:  0    Dex: 14    Spells: 5/5 levels left

rFire   . . .      SeeInvis .    a - +0 rapier
rCold   . . .      Faith    .    (no shield)
rNeg    . . .      Spirit   .    f - +1 leather armour of Greed {Will+}
rPois   .          Reflect  .    (helmet restricted)
rElec   .          Harm     .    v - +0 cloak
rCorr   .          Rampage  .    (no gloves)
Will    +....                    (no boots)
Stlth   ++                       (no amulet)
HPRegen 0.27/turn                j - ring of flight
MPRegen 0.14/turn                i - ring of magical power

@: about to teleport, flying, invisible
A: antennae 1, ignite blood 1, demonic magic 1
a: no special abilities


You were on level 4 of the Dungeon.
You visited 1 branch of the dungeon, and saw 4 of its levels.

You collected 189 gold pieces.

Inventory:

Hand Weapons
 a - a +0 rapier (weapon)
 m - the +1 sling of Wekeuscha {antimagic, rElec Will+}
   (You found it on level 2 of the Dungeon)

   rElec:     It insulates you from electricity.
   Will:      It increases your willpower.
Missiles
 d - 2 throwing nets (quivered)
 e - a javelin
Armour
 b - a +0 leather armour
 c - a +0 helmet
 f - the +1 leather armour of Greed (worn) {Will+}
   (You found it on level 4 of the Dungeon)

   Will:      It increases your willpower.
 v - a +0 cloak (worn)
Jewellery
 i - a ring of magical power (right hand)
 j - a ring of flight (left hand)
Wands
 l - a wand of flame (19)
Scrolls
 h - a scroll of butterflies {unknown}
 k - 3 scrolls of teleportation
 o - a scroll of identify {unknown}
 s - a scroll of poison {unknown}
 t - a scroll of silence {unknown}
 u - a scroll of noise {unknown}
 x - a scroll of fear {unknown}
 z - a scroll of blinking {unknown}
Potions
 g - a potion of degeneration
 p - a potion of haste
 q - a potion of might {unknown}
 r - a potion of curing {unknown}
 w - a potion of attraction {unknown}
Miscellaneous
 y - a piece from Xom's chessboard (15/15)


   Skills:
 - Level 2.0 Fighting
 - Level 2.6 Short Blades
 + Level 4.9 Ranged Weapons
 - Level 1.7 Throwing
 - Level 2.6 Dodging
 - Level 2.0 Stealth


You had 5 spell levels left.
You didn't know any spells.
Your spell library contained the following spells:

 Spells                   Type           Power      Damage    Failure   Level
 Freeze                   Ice            0%         1d3       43%         1
 Sandblast                Erth           0%         2d4       43%         1
 Passwall                 Tmut/Erth      0%         N/A       56%         2
 Frozen Ramparts          Ice            0%         1d1       80%         3
 Hailstorm                Conj/Ice       0%         3d3       80%         3
 Stone Arrow              Conj/Erth      0%         3d7       80%         3
 Chain Lightning          Conj/Air       0%         N/A       100%        9
 Fire Storm               Conj/Fire      0%         5d1       100%        9
 Shatter                  Erth           0%         3d5*      100%        9


Dungeon Overview and Level Annotations

Branches:
Dungeon (4/15)
 Temple: D:4-7

Altars:
Nemelex Xobeh
Xom

Shops:
D:1 (


Innate Abilities, Weirdness & Mutations

You have a pair of small antennae on your head.
Your demonic aura sometimes causes spilled blood to erupt in flames.
Spells you cast may paralyse adjacent enemies.


Message History

The orc priest is moderately wounded.
The orc priest looks braver for a moment.
The orc closely misses you. The black bear bites you.
The black bear claws you but does no damage. x2
You hit the orc priest.
The orc priest is moderately wounded.
The orc priest barely misses you. The orc closely misses you.
The orc hits you with a +0 flail. The black bear bites you.
The black bear barely misses you. The black bear closely misses you.
You barely miss the orc priest.
The orc priest is moderately wounded.
The orc priest calls down the wrath of Beogh upon you.
Beogh smites you! The orc barely misses you.
The orc hits you but does no damage. The black bear barely misses you.
The black bear claws you but does no damage. x2
The orc closely misses you.
You closely miss the orc priest.
The orc priest is moderately wounded.
The orc priest barely misses you. The orc hits you but does no damage. x2
The black bear bites you.
* * * LOW HITPOINT WARNING * * *
The black bear claws you but does no damage. x2
The orc hits you with a +0 dagger.
* * * LOW HITPOINT WARNING * * *
As you read the scroll labelled MUFIME XUISMA, it crumbles to dust.
You feel strangely unstable.
It was a scroll of teleportation.
The orc priest hits you but does no damage.
The orc hits you but does no damage. The orc hits you with a +0 dagger.
* * * LOW HITPOINT WARNING * * *
The orc hits you with a +0 flail.
* * * LOW HITPOINT WARNING * * *
The black bear bites you but does no damage.
The black bear claws you.
* * * LOW HITPOINT WARNING * * *
The black bear claws you but does no damage.
It was a potion of invisibility.
You fade into invisibility!
The orc priest misses you. The orc hits you but does no damage. x2
The black bear barely misses you. The black bear claws you.
You die...

#....###........ # #.
#....#.......#.. # .##.
#..#.........##. #.
......#.######.......
...###.###.....##.......
........##.###..........
#.........# ...#.....
#....o....# ..###.....
##...h@...# #. .....
#..#.ooo.....# .. #.
#.........# ..
..........## ..
............) ..
.............^.. .
................
........##.....


You could see a black bear (unable to see you), an orc priest (unable to see
you) and 3 orcs.

Vanquished Creatures
  An ogre (D:4)
  A phantom (D:3)
  A howler monkey (D:4)
  4 adders
  A worm (D:2)
  A dart slug (D:1)
  3 orcs
  2 bats
  4 endoplasms
  2 goblins
  2 hobgoblins (D:3)
  2 jackals (D:2)
  A quokka (D:1)
  5 ball pythons
  2 frilled lizards
  4 kobolds
  6 rats
42 creatures vanquished.

Notes
Turn   | Place    | Note
-------+----------+-------------------------------------------
     0 | D:1      | Newt the Demonspawn Gladiator began the quest for the Orb.
     0 | D:1      | Reached XP level 1. HP: 16/16 MP: 1/1
    48 | D:1      | Found Xyuptaod's Weapon Emporium.
   100 | D:1      | Reached skill level 1 in Stealth
   146 | D:1      | Gained mutation: Spells you cast may paralyse adjacent
                  | enemies. [demonic ancestry]
   146 | D:1      | Reached XP level 2. HP: 22/22 MP: 2/2
   459 | D:2      | Identified the +1 sling of Wekeuscha {antimagic, rElec
                  | Will+}
   641 | D:2      | Found a sparkling altar of Nemelex Xobeh.
   678 | D:2      | Reached skill level 1 in Ranged Weapons
   696 | D:2      | Discovered your monstrous ancestry.
   696 | D:2      | Gained mutation: You have a pair of small antennae on your
                  | head. [demonic ancestry]
   696 | D:2      | Reached XP level 3. HP: 26/27 MP: 1/3
   916 | D:2      | Found a faded altar of an unknown god.
  1478 | D:3      | Reached skill level 2 in Ranged Weapons
  1846 | D:4      | Noticed a phantom
  1885 | D:3      | Killed a phantom
  1886 | D:3      | Reached skill level 3 in Ranged Weapons
  1886 | D:3      | Gained mutation: Your demonic aura sometimes causes spilled
                  | blood to erupt in flames. [demonic ancestry]
  1886 | D:3      | Reached XP level 4. HP: 10/33 MP: 4/4
  2007 | D:4      | Identified the +1 leather armour of Greed {Will+}
  2032 | D:4      | Reached XP level 5. HP: 24/38 MP: 5/5
  2231 | D:4      | Found a shimmering altar of Xom.
  2276 | D:4      | Reached skill level 4 in Ranged Weapons
  2281 | D:4      | Noticed an ogre
  2289 | D:4      | Killed an ogre
  2290 | D:4      | Reached XP level 6. HP: 21/44 MP: 6/6
  2476 | D:4      | Slain by a black bear

Illustrated notes

Levels and vault maps discovered:
D:1:      spicycebolla_arrival_xxxplode, layout_rooms, serial_shops,
          nicolae_shop_bloodbath_and_beyond, minmay_tromino_mix6
D:2:      layout_loops_ring, basic_altar,
          shapermc_ecumenical_altar_mp_urbaneastern, corexii_leaking_fountain,
          kennysheep_small_spiral
D:3:      layout_rooms, serial_aquarium, aquarium_bridge_square
          [aquarium_subvault_balcony, aquarium_subvault_bridge,
          aquarium_subvault_bridge, aquarium_subvault_balcony],
          aquarium_window_corner, aquarium_window_1, aquarium_window_2,
          aquarium_view_2d, chequers_serial_rivers_marsh
D:4:      layout_cave_pools, xom_butterflies

Skill      XL: |  1  2  3  4  5 |
---------------+----------------+-----
Stealth        | 1 2 |  2.0
Ranged Weapons | 1 3 4 |  4.9
Fighting       | |  2.0
Short Blades   | |  2.6
Throwing       | |  1.7
Dodging        | |  2.6

Action                     |  1- 3 |  4- 6 || total
---------------------------+-------+-------++-------
  Melee: Rapier            |    33 |    59 ||    92
         Sling             |     1 |       ||     1
         Punch             |       |     1 ||     1
   Fire: Sling             |    89 |       ||    89
  Throw: Throwing net      |     1 |     1 ||     2
    Use: Potion            |     4 |     1 ||     5
         Scroll            |       |     1 ||     1
   Stab: Sleeping          |     1 |       ||     1
         Held in net/web   |       |     2 ||     2
 Armour: Leather armour    |    25 |    33 ||    58
         Skin              |       |     2 ||     2
  Dodge: Dodged            |    45 |    46 ||    91

Table legend: (Time is in decaauts)
 A = Elapsed time spent in this place.
 B = Non-inter-level travel time spent in this place.
 C = Inter-level travel time spent in this place.
 D = Time resting spent in this place.
 E = Time spent auto-exploring this place.
 F = Levels seen in this place.
 G = Mean time per level.
                   A        B        C        D        E       F      G
               +--------+--------+--------+--------+--------+-----+--------+
         Total |   2508 |   2391 |    117 |    140 |   1806 |   4 |  627.0 |
       Dungeon |   2508 |   2391 |    117 |    140 |   1806 |   4 |  627.0 |
               +--------+--------+--------+--------+--------+-----+--------+

Top non-repeatable levels by time:
     D:2: 864 daAuts
     D:3: 675 daAuts
     D:4: 514 daAuts
     D:1: 454 daAuts
